 Dungeon Crawl Stone Soup version 0.28-a0-1199-gef9e1dbd39 (webtiles) character file.

Game seed: 7625518266632846304

71 enile the Charlatan (level 4, 0/23 HPs)
             Began as a Spriggan Artificer on Dec 20, 2021.
             Was a High Priest of Ignis.
             Slain by Robin (1 damage)
             ... on level 3 of the Dungeon.
             The game lasted 00:08:59 (3718 turns).

enile the Charlatan (Spriggan Artificer)            Turns: 3718, Time: 00:09:00

Health: 0/23       AC:  9    Str:  8    XL:     4   Next: 5%
Magic:  5/5        EV: 18    Int: 12    God:    Ignis [*****.]
Gold:   78         SH:  0    Dex: 17    Spells: 3/3 levels left

rFire   + . .      SeeInvis +   i - +0 dagger
rCold   . . .      Faith    .   (shield restricted)
rNeg    . . .      Spirit   .   b - +0 robe
rPois   .          Reflect  .   (helmet restricted)
rElec   .          Harm     .   (no cloak)
rCorr   .          Rampage  .   (gloves unavailable)
Will    .....                   (boots unavailable)
Stlth   +++.......              (no amulet)
HPRegen 0.07/turn               (no ring)
MPRegen 0.09/turn               (no ring)

@: fiery-armoured, very quick
A: very small, no large weapons, unfitting armour, see invisible, speed 3
a: Renounce Religion, Fiery Armour, Foxfire Swarm, Rising Flame


You were on level 3 of the Dungeon.
You worshipped Ignis.
Ignis was extremely pleased with you.
You visited 1 branch of the dungeon, and saw 3 of its levels.

You collected 78 gold pieces.

Inventory:

Hand Weapons
 a - a +0 club
 i - a +0 dagger (weapon)
Missiles
 g - 92 stones
Armour
 b - a +0 robe (worn)
Jewellery
 f - a +4 ring of evasion
Wands
 c - a wand of flame (6) (quivered)
Scrolls
 d - a scroll of silence {unknown}
 h - a scroll of fear {unknown}
 l - 2 scrolls of identify {unknown}
 m - a scroll of holy word {unknown}
Potions
 j - a potion of heal wounds {unknown}
 k - a potion of degeneration {unknown}
 n - a potion of invisibility {unknown}
Miscellaneous
 e - a piece from Xom's chessboard (2/15)


   Skills:
 + Level 1.8 Fighting
 - Level 3.2 Dodging
 - Level 4.0 Stealth
 - Level 5.0 Evocations


You had 3 spell levels left.
You didn't know any spells.
Your spell library was empty.

Dungeon Overview and Level Annotations

Branches:
Dungeon (3/15)

Altars:
Ignis

Shops:
D:1 ?

Annotations:
D:3 Robin


Innate Abilities, Weirdness & Mutations

You are very small and have problems with some larger weapons.
You are too small for most types of armour.
You have supernaturally acute eyesight. (SInv)
You cover ground extremely quickly. (Speed+++)


Message History

The goblin hits you with a +0 club.
* * * LOW HITPOINT WARNING * * *
The goblin is burned by your cloak of flames.
You kill the goblin!
Non-targeted evoke: piece from Xom's chessboard (5/15)
Press: ? - help, Q - select action, (/) - cycle Dir - look around, f - activate You make a move on Xom's chessboard...
Robin falls asleep!
The hobgoblin barely misses you.
You closely miss the hobgoblin.
Robin shouts!
You hear a shout!
The hobgoblin completely misses you.
You closely miss the hobgoblin. The hobgoblin misses you.
The hobgoblin hits you.
* * * LOW HITPOINT WARNING * * *
The hobgoblin is burned by your cloak of flames.
The hobgoblin is severely wounded.
Non-targeted evoke: piece from Xom's chessboard (4/15)
Press: ? - help, Q - select action, (/) - cycle Dir - look around, f - activate You make a move on Xom's chessboard...
Nothing appears to happen.
The hobgoblin misses you.
Unknown command.
Non-targeted evoke: piece from Xom's chessboard (3/15)
Press: ? - help, Q - select action, (/) - cycle Dir - look around, f - activate You make a move on Xom's chessboard...
The goblin twists and deforms.
The hobgoblin barely misses you.
A goblin comes into view. It is wielding a +0 club.
The hobgoblin barely misses you.
Aiming: Throw Flame
Press: ? - help, Q - select action, (/) - cycle Shift-Dir - straight line, f - hobgoblin
Aim: a hobgoblin (heavily wounded, fast, strong, 74% to hit)
The puff of flame hits the hobgoblin!
You kill the hobgoblin!
Aiming: Throw Flame
Press: ? - help, Q - select action, (/) - cycle Shift-Dir - straight line, f - Robin
Aim: Robin, wielding a +3 vorpal mace, wearing a +0 animal skin and wearing a +2 helmet (81% to hit)
The puff of flame misses Robin.
The puff of flame hits the hobgoblin!
You kill the hobgoblin!
Robin hits you with a +3 vorpal mace.
* * * LOW HITPOINT WARNING * * *
You die...

........##.###.###.#####.#
#.#..#.......#.........>.#
#.#..#.###.#.#############
#.#..# #.#.....# #.#..#
#.#####.# #.#... #.# #.#
..#.#.. #.# #.# ..# #.#
#.# #. #@# #g# #†# #.# #.#
#g# #g. ###


You could see Robin and 2 goblins.

Vanquished Creatures
  2 adders (D:2)
  An orc (D:3)
  3 ball pythons
  3 endoplasms
  2 giant cockroaches (D:1)
  8 goblins
  4 hobgoblins
  4 jackals
  2 quokkas
  3 bats
  A frilled lizard (D:2)
  A kobold (D:2)
  8 rats
42 creatures vanquished.

Vanquished Creatures (collateral kills)
  2 giant cockroaches (D:2)
  A hobgoblin (D:2)
  A bat (D:2)
  2 frilled lizards (D:2)
  A rat (D:2)
7 creatures vanquished.

Vanquished Creatures (others)
  An adder (D:2)
  2 jackals (D:2)
3 creatures vanquished.

Grand Total: 52 creatures vanquished

Notes
Turn   | Place    | Note
-------+----------+-------------------------------------------
     0 | D:1      | enile the Spriggan Artificer began the quest for the Orb.
     0 | D:1      | Reached XP level 1. HP: 9/9 MP: 2/2
   114 | D:1      | Reached skill level 1 in Fighting
   348 | D:1      | Found a faded altar of an unknown god.
   353 | D:1      | Prayed at the altar of an unknown god.
   353 | D:1      | Became a worshipper of Ignis, the Dying Flame
   873 | D:1      | Found Lotedut's Magic Scroll Shop.
   893 | D:1      | Reached XP level 2. HP: 4/14 MP: 3/3
  1558 | D:1      | Reached skill level 5 in Evocations
  2101 | D:2      | Reached XP level 3. HP: 18/18 MP: 4/4
  3699 | D:3      | Noticed Robin
  3711 | D:3      | Reached XP level 4. HP: 9/23 MP: 5/5
  3718 | D:3      | HP: 1/23 [Robin (2)]
  3718 | D:3      | Slain by Robin

Illustrated notes

Levels and vault maps discovered:
D:1:      dpeg_arrival_prison, layout_basic, serial_shops, nicolae_diamond_shop,
          shapermc_ecumenical_altar_notcrosses
D:2:      layout_loops_ring
D:3:      layout_basic, mainiacjoe_overflow_tiny_flanked, uniq_robin

Skill      XL: |  1  2  3 |
---------------+----------+-----
Stealth        | 2 3 4 |  4.0
Fighting       | 1 |  1.8
Evocations     | 5 |  5.0
Dodging        | |  3.2

Action                   |  1- 3 |  4- 6 || total
-------------------------+-------+-------++-------
Melee: Club              |    55 |       ||    55
       Dagger            |   145 |     2 ||   147
Throw: Stone             |    17 |       ||    17
Invok: Fiery Armour      |     1 |       ||     1
Evoke: Wand              |    22 |     2 ||    24
       Piece from Xom's  |    12 |     4 ||    16
 Stab: Sleeping          |     6 |       ||     6
       Paralysed         |     3 |       ||     3
Armor: Robe              |    24 |       ||    24
Dodge: Dodged            |   195 |     6 ||   201

Table legend: (Time is in decaauts)
 A = Elapsed time spent in this place.
 B = Non-inter-level travel time spent in this place.
 C = Inter-level travel time spent in this place.
 D = Time resting spent in this place.
 E = Time spent auto-exploring this place.
 F = Levels seen in this place.
 G = Mean time per level.
                   A        B        C        D        E       F      G
               +--------+--------+--------+--------+--------+-----+--------+
         Total |   3195 |   3169 |     26 |      0 |   2673 |   3 | 1065.0 |
       Dungeon |   3195 |   3169 |     26 |      0 |   2673 |   3 | 1065.0 |
               +--------+--------+--------+--------+--------+-----+--------+

Top non-repeatable levels by time:
     D:1: 1828 daAuts
     D:2: 1260 daAuts
     D:3: 106 daAuts
